[ AOE2 MATCH · #504983953 ]
UnrankedTurks vs Bohemians
Player's team · LOSS
Rival team · WIN
[ REPLAY ANALYSIS · EXTRACTED FROM THE RECORDED GAME ]
Feudal
10:40
Castle
—
Imperial
—
| APM avg | 65.8 |
| APM peak | 90 |
| eAPM avg | 23.0 |
| Villagers / military | 31 / 14 |
Focus
⚔️ 35.2% · 🌾 64.8%
Archer ×9 · Militia ×5
Feudal
9:23
Castle
—
Imperial
—
| APM avg | 77.4 |
| APM peak | 137 |
| eAPM avg | 43.4 |
| Villagers / military | 39 / 15 |
Focus
⚔️ 57.3% · 🌾 42.7%
Archer ×12 · Militia ×3
Match map
Initial resources + every placement click. Lines = walls · curves = elevation contours. ◆ gold · ⬟ stone · ● berries · ✦ relic · ◌ wall gap
Your base· Open — unwalled flank
SalzZ_wide's base· Open — unwalled flank
Smoothed initial terrain · ◌ = detected wall gap · hover for details
Inputs per minute
— Macluffy - - SalzZ_wide
Build order — Macluffy
77 actions detected in the replay
| 0:01 | Create | Villager (Male) |
| 0:02 | Build | House |
| 0:03 | Build | House |
| 0:06 | Create | Villager (Male) |
| 0:09 | Create | Villager (Male) |
| 0:13 | Create | Villager (Male) |
| 1:25 | Create | Villager (Male) |
| 1:53 | Build | Lumber Camp |
| 1:59 | Create | Villager (Male) |
| 2:11 | Create | Villager (Male) |
| 2:44 | Create | Villager (Male) |
| 2:58 | Create | Villager (Male) |
| 3:28 | Create | Villager (Male) |
| 3:28 | Create | Villager (Male) |
| 3:50 | Create | Villager (Male) |
| 3:54 | Build | House |
| 4:30 | Build | Barracks |
| 4:31 | Create | Villager (Male) |
| 4:48 | Create | Villager (Male) |
| 5:04 | Build | House |
| 5:14 | Create | Villager (Male) |
| 5:22 | Create | Militia |
| 5:42 | Create | Militia |
| 5:52 | Build | Palisade Wall |
| 5:55 | Build | Palisade Wall |
| 5:58 | Create | Villager (Male) |
| 6:00 | Create | Militia |
| 6:17 | Build | Mill |
| 6:21 | Create | Villager (Male) |
| 6:38 | Build | Palisade Wall |
| 6:44 | Create | Villager (Male) |
| 6:50 | Build | House |
| 7:09 | Create | Villager (Male) |
| 7:28 | Create | Villager (Male) |
| 7:29 | Research | Loom |
| 7:52 | Create | Villager (Male) |
| 8:30 | Research | Feudal Age |
| 8:36 | Build | Mill |
| 8:58 | Build | Mining Camp |
| 9:20 | Create | Villager (Male) |
| 9:54 | Create | Militia |
| 10:20 | Create | Militia |
| 10:40 | Age | Feudal Age |
| 10:45 | Research | Man-at-Arms (upgrade) |
| 10:46 | Build | Archery Range |
| 11:10 | Create | Villager (Male) |
| 11:22 | Create | Villager (Male) |
| 11:29 | Create | Archer |
| 11:31 | Build | House |
| 11:57 | Create | Archer |
| 12:10 | Create | Villager (Male) |
| 12:27 | Build | Farm |
| 12:36 | Create | Archer |
| 12:45 | Build | Blacksmith |
| 12:51 | Create | Archer |
| 12:56 | Create | Archer |
| 13:02 | Build | Farm |
| 13:15 | Build | Farm |
| 13:16 | Build | Farm |
| 13:36 | Research | Fletching |
| 13:43 | Build | Farm |
| 13:46 | Build | Farm |
| 14:06 | Create | Villager (Male) |
| 14:10 | Create | Archer |
| 14:20 | Create | Archer |
| 14:34 | Build | House |
| 14:53 | Create | Archer |
| 14:53 | Create | Villager (Male) |
| 14:58 | Research | Arson |
| 15:00 | Build | House |
| 15:02 | Build | Palisade Wall |
| 15:07 | Create | Villager (Male) |
| 15:08 | Build | Farm |
| 15:18 | Create | Villager (Male) |
| 15:32 | Create | Archer |
| 15:37 | Create | Villager (Male) |
| 15:41 | Create | Villager (Male) |
Build order — SalzZ_wide
99 actions detected in the replay
| 0:00 | Create | Villager (Male) |
| 0:00 | Create | Villager (Male) |
| 0:01 | Create | Villager (Male) |
| 0:01 | Create | Villager (Male) |
| 0:02 | Build | House |
| 0:03 | Build | House |
| 1:26 | Create | Villager (Male) |
| 1:43 | Build | Lumber Camp |
| 1:55 | Create | Villager (Male) |
| 2:22 | Create | Villager (Male) |
| 2:42 | Create | Villager (Male) |
| 3:07 | Create | Villager (Male) |
| 3:39 | Create | Villager (Male) |
| 3:49 | Create | Villager (Male) |
| 4:05 | Build | House |
| 4:14 | Build | Mill |
| 4:21 | Create | Villager (Male) |
| 4:38 | Create | Villager (Male) |
| 5:00 | Create | Villager (Male) |
| 5:22 | Create | Villager (Male) |
| 5:36 | Create | Villager (Male) |
| 5:36 | Research | Loom |
| 5:39 | Create | Villager (Male) |
| 5:40 | Create | Villager (Male) |
| 5:47 | Build | Barracks |
| 6:57 | Build | Mining Camp |
| 7:13 | Research | Feudal Age |
| 7:13 | Research | Feudal Age |
| 7:28 | Create | Militia |
| 7:35 | Build | House |
| 7:51 | Create | Militia |
| 8:16 | Create | Militia |
| 8:27 | Build | Mill |
| 8:33 | Create | Villager (Male) |
| 8:38 | Build | House |
| 8:48 | Create | Villager (Male) |
| 8:54 | Create | Villager (Male) |
| 9:11 | Build | House |
| 9:23 | Age | Feudal Age |
| 9:24 | Research | Man-at-Arms (upgrade) |
| 9:33 | Research | Arson |
| 9:42 | Create | Villager (Male) |
| 10:05 | Create | Villager (Male) |
| 10:13 | Build | Archery Range |
| 10:37 | Create | Villager (Male) |
| 10:40 | Build | Farm |
| 11:11 | Create | Villager (Male) |
| 11:13 | Build | Farm |
| 11:14 | Create | Archer |
| 11:18 | Build | Palisade Wall |
| 11:21 | Build | Palisade Wall |
| 11:24 | Build | House |
| 11:45 | Create | Villager (Male) |
| 11:47 | Build | Farm |
| 11:57 | Build | Palisade Wall |
| 11:57 | Create | Villager (Male) |
| 11:59 | Build | Palisade Wall |
| 12:01 | Build | Palisade Wall |
| 12:02 | Build | House |
| 12:05 | Create | Archer |
| 12:08 | Build | House |
| 12:26 | Create | Archer |
| 12:33 | Build | Farm |
| 12:38 | Create | Villager (Male) |
| 12:41 | Build | Blacksmith |
| 12:43 | Create | Archer |
| 12:46 | Build | Farm |
| 13:02 | Build | Watch Tower |
| 13:04 | Create | Villager (Male) |
| 13:11 | Create | Archer |
| 13:18 | Build | Farm |
| 13:22 | Create | Villager (Male) |
| 13:28 | Create | Archer |
| 13:34 | Build | Farm |
| 13:38 | Create | Villager (Male) |
| 13:43 | Create | Archer |
| 14:01 | Create | Villager (Male) |
| 14:01 | Build | Farm |
| 14:07 | Build | Palisade Wall |
| 14:07 | Build | Palisade Wall |
| 14:14 | Create | Villager (Male) |
| 14:15 | Build | Palisade Wall |
| 14:35 | Research | Fletching |
| 14:37 | Build | Farm |
| 14:39 | Build | Farm |
| 14:40 | Create | Villager (Male) |
| 14:40 | Create | Villager (Male) |
| 14:49 | Build | House |
| 14:54 | Create | Archer |
| 14:55 | Create | Archer |
| 15:07 | Create | Villager (Male) |
| 15:11 | Build | House |
| 15:12 | Build | House |
| 15:20 | Create | Archer |
| 15:36 | Create | Villager (Male) |
| 15:40 | Create | Villager (Male) |
| 15:41 | Create | Archer |
| 15:56 | Create | Villager (Male) |
| 16:13 | Create | Archer |
Match timeline
| 4:30 | Macluffy · first_building Barracks |
| 5:47 | SalzZ_wide · first_building Barracks |
| 5:52 | Macluffy · wall_segment Palisade Wall x1 |
| 5:55 | Macluffy · wall_segment Palisade Wall x2 |
| 6:38 | Macluffy · wall_segment Palisade Wall x4 |
| 9:23 | SalzZ_wide · age_up feudal |
| 10:13 | SalzZ_wide · first_building Archery Range |
| 10:40 | Macluffy · age_up feudal |
| 10:46 | Macluffy · first_building Archery Range |
| 11:18 | SalzZ_wide · wall_segment Palisade Wall x1 |
| 11:21 | SalzZ_wide · wall_segment Palisade Wall x2 |
| 11:57 | SalzZ_wide · wall_segment Palisade Wall x2 |
| 11:59 | SalzZ_wide · wall_segment Palisade Wall x1 |
| 12:01 | SalzZ_wide · wall_segment Palisade Wall x4 |
| 14:07 | SalzZ_wide · wall_segment Palisade Wall x1 |
| 14:07 | SalzZ_wide · wall_segment Palisade Wall x1 |
| 14:15 | SalzZ_wide · wall_segment Palisade Wall x1 |
| 15:02 | Macluffy · wall_segment Palisade Wall x7 |
| 16:14 | Macluffy · resign |
[ AI ANALYSIS · 1 CREDIT ]
What really happened in this match?
Wolo.gg analyzes every decision: build order, eco, micro, common mistakes by bracket. Personalized analysis on WhatsApp or Discord in 30 seconds.
Civ guide
Turks
Perfil
Jugador #453821